 Dungeon Crawl Stone Soup version 0.18-a0-1292-ge8ad84c (webtiles) character file.

125 FrancescoMac the Sneak (level 5, -1/32 HPs)
             Began as a Kobold Assassin on Feb 9, 2016.
             Slain by a hound (3 damage)
             ... on level 3 of the Dungeon.
             The game lasted 00:17:29 (2791 turns).

FrancescoMac the Sneak (Kobold Assassin)            Turns: 2791, Time: 00:17:30

Health: -1/32      AC:  5    Str: 11    XL:     5   Next: 30%
Magic:  5/5        EV: 16    Int:  9    God:    Xom [.*....]
Gold:   74         SH:  0    Dex: 17    Spells: 0 memorised, 4 levels left

rFire  . . .     SeeInvis .     a - +2 dagger
rCold  . . .     Gourm    .     p - +1 animal skin
rNeg   . . .     Faith    .     (shield restricted)
rPois  .         Spirit   .     q - +0 helmet
rElec  .         Dismiss  .     i - +0 cloak
rCorr  .         Reflect  .     (no gloves)
SustAt .         Harm     .     (no boots)
MR     .....                    (no amulet)
Stlth  ++++......               (no ring)
                                (no ring)

@: very slightly contaminated, not resistant to hostile enchantments, stealthy
A: carnivore 3
a: Renounce Religion


You were on level 3 of the Dungeon.
You worshipped Xom.
You were a plaything of Xom.
You were very full.

You visited 1 branch of the dungeon, and saw 3 of its levels.

You collected 74 gold pieces.

Inventory:

Hand Weapons
 a - a +2 dagger (weapon)
 b - a +0 blowgun
 o - a +2 hunting sling of flaming
Missiles
 e - 18 poisoned needles
 f - 2 curare-tipped needles
Armour
 c - a +0 robe
 d - a +0 cloak
 i - a +0 cloak (worn)
 j - a +0 helmet
 p - a +1 animal skin (worn)
 q - a +0 helmet (worn)
Jewellery
 v - an uncursed amulet of magic regeneration {unknown}
 w - an uncursed ring of see invisible {unknown}
 x - an uncursed ring of see invisible {unknown}
Scrolls
 r - 3 scrolls of enchant armour
 s - 3 scrolls of magic mapping
Potions
 h - a potion of heal wounds {unknown}
 m - 3 potions of curing {unknown}
 n - a potion of degeneration
 t - a potion of beneficial mutation {unknown}
 u - a potion of mutation {unknown}
Comestibles
 g - 2 meat rations
 k - a chunk of flesh
 l - a beef jerky


   Skills:
 + Level 3.0 Fighting
 + Level 3.2 Short Blades
 + Level 0.0(2.0) Slings
 - Level 3.1 Throwing
 * Level 3.1 Dodging
 * Level 6.3 Stealth


You had 4 spell levels left.
You didn't know any spells.

Dungeon Overview and Level Annotations

Branches:
Dungeon (3/15)

Altars:
Sif Muna
Xom


Innate Abilities, Weirdness & Mutations

You are small and have problems with some larger weapons.
You are carnivorous and can eat meat at any time.


Message History

The translocation energy dissipates.
You hit the hound.
The hound is moderately wounded.
The hound misses you. x2; The gnoll closely misses you.
You hit the hound but do no damage.
The hound is moderately wounded.
The hound bites you.
* * * LOW HITPOINT WARNING * * *
The hound closely misses you. The hound completely misses you.
You hit the hound.
The hound is moderately wounded.
The gnoll hits you from afar with a spear of chaos.
* * * LOW HITPOINT WARNING * * *
The gnoll freezes you.
* * * LOW HITPOINT WARNING * * *
The hound bites you.
* * * LOW HITPOINT WARNING * * *
The hound bites you.
You die...
Xom titters!

#.....รท####.#.....####.#'##
#..........%...........#.)#
#.####.####.#.###########.#
#.....>.....#.# #####'#
#%####.######.# ###..)..# ###
#......#######.......#
########...# +...###[....#
#..........###...# #.....#
#......h...#.@h..# #.....#
#..........###h#####.....#
#..........hbPgPb.##.....#####
#....##.bb.h..b...####........
#######.#####..#### #.####.##
#.#####.########........
#..............#..####.#
##############.#.. #.. #.## #
#..


You could see 2 hounds and a gnoll.

Vanquished Creatures
  Robin (D:2)
  4 adders
  A worm (D:2)
  4 giant geckos
  4 orcs (D:3)
  5 giant cockroaches
  13 goblins
  4 hobgoblins
  6 jackals
  A quokka (D:3)
  A ball python (D:2)
  5 bats
  3 giant newts
  6 kobolds
  4 rats (D:1)
62 creatures vanquished.

Vanquished Creatures (others)
  An orc (D:3)
1 creature vanquished.

Grand Total: 63 creatures vanquished

Notes
Turn   | Place    | Note
--------------------------------------------------------------
     0 | D:1      | FrancescoMac the Kobold Assassin began the quest for the Orb.
     0 | D:1      | Reached XP level 1. HP: 12/12 MP: 1/1
   117 | D:1      | Reached XP level 2. HP: 15/17 MP: 2/2
   818 | D:2      | Found a shimmering altar of Xom.
   833 | D:2      | Reached XP level 3. HP: 14/21 MP: 3/3
   892 | D:2      | Became a worshipper of The Xom-Meister, Xom-Xom-bo-Bom, Banana-Fana-fo-Fom
   925 | D:2      | Noticed Robin
  1028 | D:2      | XOM: smoke on damage
  1054 | D:2      | XOM: divination: detect creatures
  1151 | D:2      | Killed Robin
  1151 | D:2      | Reached XP level 4. HP: 6/26 MP: 4/4
  1192 | D:2      | XOM: divination: detect creatures
  1515 | D:2      | XOM: silly message
  1615 | D:2      | Reached skill level 6 in Stealth
  1898 | D:2      | XOM is BORED!
  1898 | D:2      | XOM: medium Pois miscast
  1915 | D:2      | Found a deep blue altar of Sif Muna.
  2034 | D:3      | XOM: enchant monster (good)
  2158 | D:3      | XOM: noise
  2159 | D:3      | XOM: confuse monster(s)
  2163 | D:3      | Reached XP level 5. HP: 23/32 MP: 5/5
  2217 | D:3      | XOM: noise
  2321 | D:3      | XOM: smoke on damage
  2637 | D:3      | XOM: medium Ice miscast
  2776 | D:3      | XOM: butterfly on damage
  2780 | D:3      | XOM: cast spell 'Disjunction'
  2781 | D:3      | XOM: chaos upgrade
  2791 | D:3      | Slain by a hound

Vault maps used:
D:1:      nagdon_arrival_double_spiral, hex_intersection
D:2:      lemuel_blue_sif_altar, xom_teletrap_fun, uniq_robin
D:3:      demons_altar, cheibrodos_gnoll_hut

Action                   |  1- 3 |  4- 6 || total
-------------------------+-------+-------++-------
Melee: Dagger            |   103 |   161 ||   264
  Use: Scroll            |       |     6 ||     6
 Stab: Sleeping          |     8 |     3 ||    11
       Distracted        |       |     1 ||     1
       Confused          |       |     1 ||     1
  Eat: Chunk             |     9 |     5 ||    14
